 Dungeon Crawl Stone Soup version 0.27-a0-1332-g84bddb5ca7 (webtiles) character file.

Game seed: 5349158975845126711

938 pokeman the Thaumaturge (level 7, 0/39 HPs)
             Began as a Deep Elf Hedge Wizard on June 25, 2021.
             Succumbed to a water moccasin's poison
             ... on level 5 of the Dungeon.
             The game lasted 00:13:58 (6628 turns).

pokeman the Thaumaturge (Deep Elf Hedge Wizard)     Turns: 6628, Time: 00:13:58

Health: 0/39       AC: 10    Str:  7    XL:     7   Next: 87%
Magic:  2/21       EV: 12    Int: 27    God:
Gold:   283        SH:  0    Dex: 14    Spells: 13/24 levels left

rFire    . . .     SeeInvis .   d - staff of conjuration
rCold    . . .     Faith    .   (no shield)
rNeg     . . .     Spirit   .   e - +0 leather armour
rPois    .         Reflect  .   c - +0 hat
rElec    .         Harm     .   n - +0 cloak
rCorr    .         Rampage  .   (no gloves)
Will     .....                  (no boots)
Stlth    ++........             (no amulet)
HPRegen  0.13/turn              l - +6 ring of intelligence
MPRegen  0.17/turn              q - +4 ring of protection

@: lethally poisoned (0 -> -1)
A: hooves 1, iridescent scales 1, MP-powered wands
a: no special abilities


You were on level 5 of the Dungeon.
You visited 1 branch of the dungeon, and saw 5 of its levels.

You collected 283 gold pieces.

Inventory:

Hand Weapons
 m - a +2 quarterstaff of chaos
 v - a +2 short sword of venom
Missiles
 o - 12 arrows
 s - 106 bolts
Armour
 c - a +0 hat (worn)
 e - a +0 leather armour (worn)
 n - a +0 cloak (worn)
 y - a +2 kite shield
Magical Staves
 d - a staff of conjuration (weapon)
 r - a staff of cold
 u - a staff of death
Jewellery
 k - an amulet of faith
 l - a +6 ring of intelligence (left hand)
 q - a +4 ring of protection (right hand)
 A - an amulet of reflection
 B - an amulet of guardian spirit
Scrolls
 a - 3 scrolls of enchant weapon {unknown}
 b - 3 scrolls of identify {unknown}
 h - 2 scrolls of brand weapon {unknown}
 i - a scroll of fog {unknown}
 j - a scroll of blinking {unknown}
 t - a scroll of torment {unknown}
 w - 3 scrolls of enchant armour {unknown}
 z - a scroll of teleportation {unknown}
 C - a scroll of magic mapping {unknown}
Potions
 g - a potion of might


   Skills:
 + Level 1.8 Fighting
 - Level 1.0 Armour
 - Level 3.0 Dodging
 - Level 3.2 Stealth
 * Level 9.1 Spellcasting
 + Level 4.5 Conjurations
 - Level 1.1 Summonings
 - Level 1.1 Translocations
 + Level 2.0 Fire Magic
 - Level 1.1 Air Magic
 - Level 2.0 Poison Magic
 - Level 1.1 Evocations


You had 13 spell levels left.
You knew the following spells:

 Your Spells              Type           Power      Damage    Failure   Level
a - Magic Dart            Conj           100%       1d8       1%          1
b - Mephitic Cloud        Conj/Pois/Air  39%        N/A       7%          3
c - Call Imp              Summ           18%        N/A       7%          2
d - Blink                 Tloc           N/A        N/A       7%          2
e - Conjure Flame         Conj/Fire      45%        6-21      5%          3

Your spell library contained the following spells:

 Spells                   Type           Power      Damage    Failure   Level
 Slow                     Hex            12%        N/A       11%         2


Dungeon Overview and Level Annotations

Branches:
Dungeon (5/15)
 Temple: D:4-7

Altars:
Cheibriados
Gozag
Hepliaklqana
Kikubaaqudgha

Shops:
D:1 [   D:5 =


Innate Abilities, Weirdness & Mutations

You have large cloven feet.
You are partially covered in iridescent scales. (AC +2)
You expend magic power (3 MP) to strengthen your wands.


Message History

It was a potion of mutation.
You feel extremely strange.
You feel your magical essence link to the dungeon's wands.
Iridescent scales grow over part of your body.
Your feet thicken and deform.
* * * LOW HITPOINT WARNING * * *
You feel sick.
The water moccasin bites you but does no damage.
Casting: Blink (safe; 7% risk of failure)
Confirm with . or Enter, or press ? or * to list all spells.
You blink.
* * * LOW HITPOINT WARNING * * *
You feel sick. The water moccasin bites your iron imp!
It was a potion of might.
You feel very mighty all of a sudden.
* * * LOW HITPOINT WARNING * * *
You feel sick.
The water moccasin closely misses your iron imp.
Your iron imp misses the water moccasin.
It was a potion of flight.
You feel very buoyant.
You fly up into the air.
* * * LOW HITPOINT WARNING * * *
You feel sick.
The water moccasin barely misses your crimson imp.
The two-headed ogre hits your iron imp with a +0 giant club!
Your iron imp dies!
Your crimson imp closely misses the water moccasin.
It was a potion of cancellation.
Your magical effects are unravelling.
You feel magically purged.
You float gracefully downwards.
You feel a little less mighty now.
* * * LOW HITPOINT WARNING * * *
You feel sick.
* * * LOW HITPOINT WARNING * * *
You feel sick.
Your crimson imp misses the water moccasin.
* * * LOW HITPOINT WARNING * * *
You feel sick.
Your crimson imp hits the two-headed ogre.
You die...

#....###.#.........#.##
+....+...'.....>.......
#....###.#.......<.....
#.........5.......#..##
#........O...........#
######.......†..####......#
#...........S...# #.......
#####.............).+
+.......#
...............@....#
#........
#..........##########
#........
........##########
#........
......<..........#
.................#
............O....########
.........................
.........................
........######...........


You could see a two-headed ogre, a water moccasin (ally target) and a friendly
crimson imp (summoned).

Vanquished Creatures
  Grinder (D:4)
  A black bear (D:4)
  2 phantoms (D:5)
  A gnoll sergeant (D:4)
  A bullfrog zombie (D:4)
  A centaur zombie (D:5)
  2 gnoll shamans
  Crazy Yiuf (D:2)
  3 hounds
  9 gnolls
  5 adders
  An ufetubus (D:4)
  An adder zombie (D:3)
  An adder skeleton (D:4)
  2 worms
  2 dart slugs
  5 orcs (D:4)
  2 ball pythons
  5 endoplasms
  A giant cockroach (D:2)
  8 goblins
  5 hobgoblins
  3 jackals (D:2)
  A quokka (D:4)
  6 bats
  5 frilled lizards
  3 kobolds
  2 rats
80 creatures vanquished.

Vanquished Creatures (collateral kills)
  A jelly (D:5)
  A hobgoblin (D:2)
  3 jackals (D:2)
5 creatures vanquished.

Grand Total: 85 creatures vanquished

Notes
Turn   | Place    | Note
-------+----------+-------------------------------------------
     0 | D:1      | pokeman the Deep Elf Hedge Wizard began the quest for the
                  | Orb.
     0 | D:1      | Reached XP level 1. HP: 10/10 MP: 7/7
   743 | D:1      | Reached XP level 2. HP: 11/16 MP: 0/9
   828 | D:1      | Found Buoxtosk's Antique Armour Emporium.
  1407 | D:2      | Reached skill level 5 in Spellcasting
  1407 | D:2      | Reached XP level 3. HP: 13/20 MP: 0/11
  1536 | D:2      | Learned a level 3 spell: Mephitic Cloud
  1539 | D:2      | Learned a level 2 spell: Call Imp
  1542 | D:2      | Learned a level 2 spell: Blink
  1546 | D:2      | Learned a level 3 spell: Conjure Flame
  1715 | D:2      | Found a runed translucent door.
  1716 | D:2      | Noticed Crazy Yiuf
  1756 | D:2      | Reached skill level 1 in Fighting
  1756 | D:2      | Reached skill level 1 in Armour
  2199 | D:2      | HP: 1/20 [poisoned by an adder]
  2200 | D:2      | Reached XP level 4. HP: 2/25 MP: 2/13
  3173 | D:2      | Killed Crazy Yiuf
  3174 | D:2      | Reached skill level 1 in Evocations
  3771 | D:3      | Reached skill level 6 in Spellcasting
  3771 | D:3      | Reached XP level 5. HP: 28/29 MP: 4/15
  3923 | D:3      | Found an opulent altar of Gozag.
  4048 | D:3      | Found an ancient bone altar of Kikubaaqudgha.
  4191 | D:3      | Found a snail-covered altar of Cheibriados.
  4630 | D:4      | Reached skill level 1 in Poison Magic
  4926 | D:4      | Noticed a black bear
  4965 | D:4      | Killed a black bear
  4966 | D:4      | Reached XP level 6. HP: 34/34 MP: 5/17
  5287 | D:4      | Reached skill level 7 in Spellcasting
  5453 | D:4      | Noticed Grinder
  5458 | D:4      | Paralysed by Grinder for 4 turns
  5468 | D:4      | Killed Grinder
  5469 | D:4      | Reached skill level 8 in Spellcasting
  5469 | D:4      | Reached XP level 7. HP: 29/38 MP: 9/20
  5951 | D:4      | Found a faded altar of an unknown god.
  5952 | D:4      | Found a hazy altar of Hepliaklqana.
  5973 | D:4      | Reached skill level 1 in Air Magic
  6140 | D:5      | Entered Level 5 of the Dungeon
  6274 | D:5      | Found Oxaocr Ecuih's Jewellery Shoppe.
  6334 | D:5      | Reached skill level 1 in Fire Magic
  6340 | D:5      | Noticed a two-headed ogre
  6581 | D:5      | Reached skill level 9 in Spellcasting
  6621 | D:5      | Gained mutation: You expend magic power (3 MP) to
                  | strengthen your wands. [potion of mutation]
  6621 | D:5      | Gained mutation: You are partially covered in iridescent
                  | scales. (AC +2) [potion of mutation]
  6621 | D:5      | Gained mutation: You have large cloven feet. [potion of
                  | mutation]
  6627 | D:5      | HP: 1/39 [poisoned by a water moccasin]
  6628 | D:5      | Succumbed to a water moccasin's poison

Illustrated notes

Levels and vault maps discovered:
D:1:      psy_arrival_wood_between_worlds, layout_basic, serial_shops, shop,
          chequers_serial_rivers_room_b, grunt_decor_clamped, roderic_lattice_a
D:2:      layout_loops_corners, kennysheep_path_1, minmay_cut_off,
          uniq_crazy_yiuf_cottage
D:3:      kennysheep_big_flooded_room, layout_loops_ring,
          overflow_temple_1_default, lemuel_round_altar,
          cheibrodos_worm_habitat, grunt_decor_resistance
D:4:      layout_loops_corners, beargit_hepliaklqana_dungeon_heroes,
          uniq_grinder
D:5:      layout_basic, gammafunk_temple_overflow_claw, serial_shops,
          nicolae_shop_crystal, grunt_decor_mini_mirrors

Skill      XL: |  1  2  3  4  5  6  7 |
---------------+----------------------+-----
Spellcasting   | 5 6 8 9 |  9.1
Fighting       | 1 |  1.8
Armour         | 1 |  1.0
Conjurations   | 2 3 4 |  4.5
Evocations     | 1 |  1.1
Dodging        | 3 |  3.0
Poison Magic   | 1 2 |  2.0
Stealth        | 3 |  3.2
Air Magic      | 1 |  1.1
Fire Magic     | 2 |  2.0
Summonings     | |  1.1
Translocations | |  1.1

Action                   |  1- 3 |  4- 6 |  7- 9 || total
-------------------------+-------+-------+-------++-------
Melee: Staff             |    27 |    14 |     7 ||    48
Throw: Throwing net      |       |     1 |       ||     1
 Cast: Magic Dart        |    68 |    95 |    58 ||   221
       Call Imp          |       |     6 |     7 ||    13
       Mephitic Cloud    |       |     6 |     3 ||     9
       Conjure Flame     |       |     5 |     3 ||     8
       Blink             |       |       |     3 ||     3
  Use: Potion            |       |       |     4 ||     4
 Stab: Confused          |       |     3 |     1 ||     4
Armor: Leather armour    |    14 |     8 |    14 ||    36
Dodge: Dodged            |    41 |    21 |    24 ||    86

Table legend: (Time is in decaauts)
 A = Elapsed time spent in this place.
 B = Non-inter-level travel time spent in this place.
 C = Inter-level travel time spent in this place.
 D = Time resting spent in this place.
 E = Time spent auto-exploring this place.
 F = Levels seen in this place.
 G = Mean time per level.
                   A        B        C        D        E       F      G
               +--------+--------+--------+--------+--------+-----+--------+
         Total |   6651 |   6362 |    289 |    556 |   4994 |   5 | 1330.2 |
       Dungeon |   6651 |   6362 |    289 |    556 |   4994 |   5 | 1330.2 |
               +--------+--------+--------+--------+--------+-----+--------+

Top non-repeatable levels by time:
     D:4: 1758 daAuts
     D:2: 1730 daAuts
     D:1: 1605 daAuts
     D:3: 1167 daAuts
     D:5: 390 daAuts
